 Seeded DCSS version 0.29-a0-284-gf9362112df (webtiles) character file.

Game seed: 10898707918651901846 (custom seed)

47 gzilladon the Chopper (level 3, 0/33 HPs)
             Began as a Hill Orc Monk on Apr 1, 2022.
             Succumbed to a water moccasin's poison
             ... on level 4 of the Dungeon.
             The game lasted 00:03:16 (1027 turns).

gzilladon the Chopper (Hill Orc Monk)               Turns: 1027, Time: 00:03:16

Health: 0/33       AC: 12    Str: 15    XL:     3   Next: 70%
Magic:  3/3        EV:  4    Int: 10    God:
Gold:   69         SH:  0    Dex: 13    Spells: 2/2 levels left

rFire   + . .      SeeInvis .   a - +0 hand axe
rCold   . . .      Faith    +   (no shield)
rNeg    . . .      Spirit   .   p - +0 plate armour
rPois   .          Reflect  .   o - +0 helmet
rElec   .          Harm     .   (no cloak)
rCorr   .          Rampage  .   i - +0 pair of gloves
Will    .....                   (no boots)
Stlth   ..........              f - amulet of faith
HPRegen 0.11/turn               j - ring of protection from fire
MPRegen 0.08/turn               (no ring)

@: lethally poisoned (0 -> -1)
A: no striking features
a: no special abilities


You were on level 4 of the Dungeon.
You visited 1 branch of the dungeon, and saw 4 of its levels.

You collected 69 gold pieces.

Inventory:

Hand Weapons
 a - a +0 hand axe (weapon)
Missiles
 k - 2 poisoned darts (quivered)
 l - 11 stones
Armour
 b - a +0 robe
 g - a +0 chain mail
 i - a +0 pair of gloves (worn)
 o - a +0 helmet (worn)
 p - a +0 plate armour (worn)
Jewellery
 f - an amulet of faith (around neck)
 j - a ring of protection from fire (left hand)
Scrolls
 d - a scroll of identify {unknown}
 e - a scroll of teleportation {unknown}
 h - a scroll of torment {unknown}
 m - a scroll of magic mapping {unknown}
Potions
 c - a potion of ambrosia
 n - a potion of flight {unknown}


   Skills:
 + Level 4.2 Fighting
 * Level 5.3 Axes
 + Level 0.1 Armour
 + Level 2.5 Dodging
 + Level 1.6 Stealth


You had 2 spell levels left.
You didn't know any spells.
Your spell library contained the following spells:

 Spells                   Type           Power      Damage    Failure   Level
 Beastly Appendage        Tmut           0%         N/A       100%        1
 Wereblood                Tmut           0%         N/A       100%        2
 Spider Form              Tmut/Pois      0%         N/A       100%        3


Dungeon Overview and Level Annotations

Branches:
Dungeon (4/15)
 Temple: D:4-7

Altars:
Zin


Message History

The quokka bites you but does no damage.
The quokka bites you.
The quokka bites you but does no damage.
The water moccasin bites you!
The water moccasin attacks as you move away!
The water moccasin bites you but does no damage.
The quokka attacks as you move away! The quokka barely misses you.
The quokka barely misses you.
The water moccasin bites you but does no damage.
The water moccasin bites you but does no damage.
The quokka bites you but does no damage.
The quokka attacks as you move away!
The quokka bites you but does no damage.
The water moccasin bites you but does no damage.
The water moccasin attacks as you move away!
The water moccasin bites you.
The quokka twitches its whiskers.
The water moccasin attacks as you move away!
The water moccasin bites you.
You are poisoned.
The water moccasin poisons you!
You feel very sick. The water moccasin closely misses you.
You feel sick.
You feel sick. The water moccasin bites you.
* * * LOW HITPOINT WARNING * * *
* * * LOW HITPOINT WARNING * * *
You feel sick.
The water moccasin attacks as you move away!
The water moccasin bites you but does no damage.
* * * LOW HITPOINT WARNING * * *
You feel sick.
* * * LOW HITPOINT WARNING * * *
You feel sick.
The water moccasin bites you but does no damage.
The water moccasin attacks as you move away!
The water moccasin bites you but does no damage.
* * * LOW HITPOINT WARNING * * *
You feel sick.
You die...

#........ #.#
#o..S.... #.#
#.#...### #.#
#.##..# #.# #.##..#
#.# ##.##..### #.#
#......... #.#
#......... #@##
#......... #..#
#..##..##. ##S#
#.W##..##. #r#
#..##..... #.#
#......... #r#
#.S.#..##. ##S#
#.........
#..#######..#..###
#.#.W..r.SW........


You could see a water moccasin, 2 quokkas and a ball python.

Vanquished Creatures
  A hound (D:4)
  An adder (D:2)
  An orc (D:4)
  2 endoplasms (D:1)
  2 bats
  A frilled lizard (D:2)
  A kobold (D:1)
  A rat (D:2)
10 creatures vanquished.

Notes
Turn   | Place    | Note
-------+----------+-------------------------------------------
     0 | D:1      | gzilladon the Hill Orc Monk began the quest for the Orb.
     0 | D:1      | Reached XP level 1. HP: 19/19 MP: 1/1
   223 | D:2      | Found a glowing silver altar of Zin.
   325 | D:2      | Reached XP level 2. HP: 27/27 MP: 2/2
   703 | D:4      | Reached skill level 5 in Axes
   703 | D:4      | Reached XP level 3. HP: 22/33 MP: 3/3
   971 | D:4      | Noticed a phantom
   995 | D:4      | Noticed a water moccasin
  1026 | D:4      | HP: 1/33 [poisoned by a water moccasin]
  1027 | D:4      | Succumbed to a water moccasin's poison

Illustrated notes

Levels and vault maps discovered:
D:1:      dpeg_arrival_stonehenge_12_columns, layout_basic
D:2:      layout_basic, basic_altar, uniq_natasha
D:3:      layout_basic, yredelemnul_altar_generic, mainiacjoe_overflow_paths,
          nzn_hepliaklqana_mist_gate, kennysheep_generic_room_16
D:4:      layout_loops_ring, zin_treasury

Skill      XL: |  1  2 |
---------------+-------+-----
Fighting       | 4 |  4.2
Axes           | 5 |  5.3
Armour         | |  0.1
Dodging        | |  2.5
Stealth        | |  1.6

Action                   || total
-------------------------++-------
Melee: Hand axe          ||    47
Armor: Chain mail        ||    33
       Robe              ||     7
       Plate armour      ||    26
Dodge: Dodged            ||    32

Table legend: (Time is in decaauts)
 A = Elapsed time spent in this place.
 B = Non-inter-level travel time spent in this place.
 C = Inter-level travel time spent in this place.
 D = Time resting spent in this place.
 E = Time spent auto-exploring this place.
 F = Levels seen in this place.
 G = Mean time per level.
                   A        B        C        D        E       F      G
               +--------+--------+--------+--------+--------+-----+--------+
         Total |   1029 |    998 |     31 |    300 |      0 |   4 |  257.2 |
       Dungeon |   1029 |    998 |     31 |    300 |      0 |   4 |  257.2 |
               +--------+--------+--------+--------+--------+-----+--------+

Top non-repeatable levels by time:
     D:4: 538 daAuts
     D:2: 208 daAuts
     D:1: 199 daAuts
     D:3: 83 daAuts
